 Dungeon Crawl Stone Soup version 0.31-a0-672-g7da72447bb (webtiles) character file.

Game seed: 3682129287460169317

7613 Shenda the Thaumaturge (level 11, -10/71 HPs)
             Began as a Djinni Fire Elementalist on Sept 4, 2023.
             Was a Believer of Makhleb.
             Mangled by an orc warlord
             ... wielding a +4 battleaxe
              (15 damage)
             ... in a bailey.
             The game lasted 00:35:21 (9902 turns).

Shenda the Thaumaturge (Djinni Fire Elementalist)   Turns: 9902, Time: 00:35:21

Health: -10/71     AC: 15    Str:  6    XL:     11   Next: 40%
Gold:   511        EV: 11    Int: 26    God:    Makhleb [**....] SH:  5 Dex: 12

rFire   + + +        f - +6 short sword of Haagiolu {freeze, rElec}
rCold   x . .        A - +1 buckler
rNeg    . . .        p - +4 ring mail of Greed {rF+}
rPois   ∞            k - +2 helmet
rElec   +            y - +0 cloak
rCorr   +            (no gloves)
SInv    +            (boots unavailable)
Will    +....        n - amulet of the acrobat
Stlth   +            h - ring of see invisible
HPRegen 0.31/turn    o - ring of resist corrosion
MPRegen 0.00/turn

%: acrobat, infuse magic (-11 HP)
@: flying
A: sickness immunity, fire resistance 2, cold vulnerability 1, float, innate
caster, HP casting, extra vitality 1, clever 1, deterioration 1, robust 1,
screaming 1
a: Renounce Religion, Minor Destruction


You were in a bailey.
You worshipped Makhleb.
Makhleb was pleased with you.
You visited 2 branches of the dungeon, and saw 10 of its levels.
You also visited: Sewer and Bailey.

You collected 571 gold pieces.
You spent 60 gold pieces at shops.

Inventory:

Hand Weapons
 a - a +0 flail of venom
 f - the +6 short sword of Haagiolu (weapon) {freeze, rElec}
   (You took it off an orc knight in a bailey)

   rElec:     It insulates you from electricity.
 g - a +2 dagger of speed
 C - a +0 broad axe
 E - a +0 whip of freezing
 F - a +3 morningstar
Missiles
 e - 4 throwing nets
Armour
 k - a +2 helmet (worn)
 p - the +4 ring mail of Greed (worn) {rF+}
   (You found it on level 4 of the Dungeon)

   rF+:       It protects you from fire.
 y - a +0 cloak (worn)
 A - a +1 buckler (worn)
Magical Staves
 u - a staff of earth
Jewellery
 h - a ring of see invisible (left hand)
 n - an amulet of the acrobat (around neck)
 o - a ring of resist corrosion (right hand)
 G - a +6 ring of strength
Wands
 r - a wand of iceblast (21)
 s - a wand of flame (19)
 D - a wand of light (8)
Scrolls
 j - a scroll of vulnerability
 l - a scroll of enchant weapon
 q - 4 scrolls of teleportation
 w - a scroll of silence
 x - a scroll of enchant armour
Potions
 b - a potion of curing
 c - a potion of might
 d - 5 potions of haste
 m - a potion of mutation
 t - a potion of brilliance


   Skills:
 + Level 6.5 Armour
 + Level 7.6 Dodging
 - Level 1.5 Stealth
 - Level 3.0 Shields
 + Level 10.8 Spellcasting
 + Level 10.8 Conjurations
 + Level 10.8 Hexes
   Level 0.0 Charms
 + Level 10.8 Summonings
 + Level 10.8 Necromancy
 + Level 10.8 Translocations
 + Level 10.8 Transmutations
 + Level 10.8 Fire Magic
 + Level 10.8 Ice Magic
 + Level 10.8 Air Magic
 + Level 10.8 Earth Magic
 + Level 10.8 Poison Magic


You knew the following spells:

 Your Spells              Type           Power      Damage    Failure   Level
a - Foxfire               Conj/Fire      100%       2x1d9     1%          1
b - Scorch                Fire           100%       2d9       1%          2
c - Volatile Blastmotes   Fire/Tloc      100%       2d18      1%          3
d - Inner Flame           Hex/Fire       63%        N/A       1%          3
e - Flame Wave            Conj/Fire      63%        2d15      2%          4
f - Necrotise             Necr           100%       1d9       1%          1
g - Passwall              Tmut/Erth      52%        N/A       1%          2
h - Lesser Beckoning      Tloc           100%       N/A       1%          2
i - Sticky Flame          Conj/Fire      63%        2d8       2%          4
j - Iskenderun's Mystic   Conj/Tloc      63%        2d13      2%          4
Your spell library was empty.

Dungeon Overview and Level Annotations

Branches:
Dungeon (9/15)             Temple (1/1) D:6           Sewer (visited)
 Bailey (1/1)
   Lair: D:8-11         Orc: D:9-12

Altars:
Ashenzari
Cheibriados
Dithmenos
Elyvilon
Gozag
Hepliaklqana
Makhleb
Nemelex Xobeh
Okawaru
Ru
Wu Jian
Xom
Zin
The Shining One

Shops:
D:3 !

Annotations:
D:8 3 runed translucent doors


Innate Abilities, Weirdness & Mutations

You are immune to sickness and miasma.
You are immune to poison.
Your flesh is very heat resistant. (rF++)
You are vulnerable to cold. (rC-)
You float through the air rather than walking.
You learn spells naturally, not from books.
Your magical power is your life essence.
You have superior vitality. (+4 MHP)
Your mind is acute. (Int +4, Str/Dex -1)
Your body sometimes deteriorates upon taking damage.
You are robust. (+10% HP)
You occasionally shout uncontrollably at your foes.


Message History

Okay, then.
As you read the scroll of fear, it crumbles to dust.
You assume a fearsome visage.
The orc warlord looks frightened!
The orc warlord starts to cry.
Casting: Volatile Blastmotes (safe; 1% risk of failure)
Confirm with . or Enter, or press ? or * to list all spells.
Flames lash the orc warlord.
Your attack snaps the orc warlord out of its fear.
The orc warlord is severely wounded.
The orc warlord's fire resistance burns away.
* * * LOW HITPOINT WARNING * * *
Okay, then.
Casting: Scorch (safe; 1% risk of failure)
Confirm with . or Enter, or press ? or * to list all spells.
Okay, then.
Press: ? - help, v - describe, . - travel
Here: an orc warlord, wielding a +4 battleaxe and wearing a +0 chain mail (severely wounded, more vulnerable to fire)
The floor.
Casting: Scorch (safe; 1% risk of failure)
Confirm with . or Enter, or press ? or * to list all spells.
Okay, then.
Okay, then.
Okay, then.
Okay, then.
Okay, then.
Casting: Scorch (safe; 1% risk of failure)
Confirm with . or Enter, or press ? or * to list all spells.
Casting: Flame Wave (dangerous; 2% risk of failure)
Press: ? - help, Dir - look around, f - activate A wave of flame ripples out!
The flame wave engulfs the orc warlord but does no damage.
The orc warlord is severely wounded. (Press . to intensify the flame waves.)
* * * LOW HITPOINT WARNING * * *
The orc warlord closely misses you.
A demon appears!
You can no longer summon a lesser servant of Makhleb.
The orc warlord is no longer more vulnerable to fire.
The orc warlord hits you with a +4 battleaxe!
You die...

##.......##
#.........#
##.........##
#.....⌠.....# 8
##.........##
... #.........#
.....##...)...##
...o..'...3o..#
gg....##...@.##
.⌠.... #######
.... ... .. .


You could see an orc warlord (ally target) and a friendly ynoxinul (summoned).

Vanquished Creatures
  A two-headed ogre (D:7)
  Pikel (D:7)
  3 orc knights (Bailey)
  Psyche (D:8)
  4 yaks
  Sigmund (D:2)
  A wraith (D:8)
  A steam dragon (D:4)
  Menkaure (D:4)
  An acid dragon (D:8)
  2 water moccasins
  An ice beast (D:7)
  9 orc warriors
  3 sky beasts
  A black bear (D:6)
  An ogre (D:6)
  2 centaurs
  A phantom (D:7)
  3 lemures (D:7)
  A kobold brigand (D:8)
  2 bullfrogs
  4 scorpions
  A gnoll sergeant (D:8)
  8 wights (D:8)
  A killer bee (D:8)
  2 howler monkeys
  A hound (D:6)
  2 jellies
  2 orc priests
  2 gnoll boudas
  2 iguanas (D:5)
  3 orc wizards
  28 gnolls
  9 adders
  5 river rats (Sewer)
  A shadow imp (D:6)
  3 ufetubi
  A worm (D:2)
  42 orcs
  6 bats
  10 endoplasms
  5 giant cockroaches
  17 goblins
  13 hobgoblins
  2 jackals (D:2)
  2 quokkas
  10 ball pythons
  3 frilled lizards
  27 kobolds
  26 rats
279 creatures vanquished.

Vanquished Creatures (others)
  An angel (D:4)
  A human (D:8)
  A howler monkey (D:8)
  1002 foxfires
1005 creatures vanquished.

Grand Total: 1284 creatures vanquished

Notes
Turn   | Place    | Note
-------+----------+-------------------------------------------
     0 | D:1      | Shenda the Djinni Fire Elementalist began the quest for the
                  | Orb.
     0 | D:1      | Shenda set off with the following spells memorised:
                  | Foxfire, Scorch, Volatile Blastmotes, Inner Flame, Flame
                  | Wave.
     0 | D:1      | Reached XP level 1. HP: 15/15 MP: 0/0
   187 | D:1      | Reached XP level 2. HP: 9/21 MP: 0/0
   679 | D:2      | Found a faded altar of an unknown god.
   684 | D:2      | Reached XP level 3. HP: 20/25 MP: 0/0
   684 | D:2      | Learned a level 1 spell: Necrotise
   822 | D:2      | Noticed Sigmund
   842 | D:2      | Killed Sigmund
   843 | D:2      | Reached skill level 5 in Spellcasting
   843 | D:2      | Reached skill level 5 in Conjurations
   843 | D:2      | Reached skill level 5 in Hexes
   843 | D:2      | Reached skill level 5 in Summonings
   843 | D:2      | Reached skill level 5 in Necromancy
   843 | D:2      | Reached skill level 5 in Translocations
   843 | D:2      | Reached skill level 5 in Transmutations
   843 | D:2      | Reached skill level 5 in Fire Magic
   843 | D:2      | Reached skill level 5 in Ice Magic
   843 | D:2      | Reached skill level 5 in Air Magic
   843 | D:2      | Reached skill level 5 in Earth Magic
   843 | D:2      | Reached skill level 5 in Poison Magic
   843 | D:2      | Reached XP level 4. HP: 16/31 MP: 0/0
   843 | D:2      | Reached XP level 5. HP: 18/35 MP: 0/0
   843 | D:2      | Learned a level 2 spell: Passwall
   843 | D:2      | Reached XP level 6. HP: 21/40 MP: 0/0
  1430 | D:3      | Found Qung's Distillery.
  1676 | D:3      | Bought a potion of heal wounds for 60 gold pieces
  2258 | D:4      | Noticed a steam dragon
  2285 | D:4      | Found a glowing drain.
  2289 | Sewer    | Entered a sewer
  2399 | Sewer    | Reached XP level 7. HP: 42/45 MP: 0/0
  2399 | Sewer    | Learned a level 2 spell: Lesser Beckoning
  3075 | D:4      | Identified the +4 ring mail of Greed {rF+}
  3280 | D:4      | Killed a steam dragon
  3373 | D:4      | Noticed Menkaure
  3377 | D:4      | Killed Menkaure
  3378 | D:4      | Reached XP level 8. HP: 47/50 MP: 0/0
  3390 | D:4      | Noticed an angel
  3391 | D:4      | Found a glowing silver altar of Zin.
  3391 | D:4      | Found a shimmering altar of Xom.
  3517 | D:4      | Found a sacrificial altar of Ru.
  3676 | D:4      | Killed an angel
  3906 | D:5      | Entered Level 5 of the Dungeon
  4212 | D:5      | Found an iron altar of Okawaru.
  4216 | D:5      | Found a white marble altar of Elyvilon.
  4221 | D:5      | Found a snail-covered altar of Cheibriados.
  4809 | D:5      | Found a hazy altar of Hepliaklqana.
  4844 | D:6      | Noticed a yak
  4844 | D:6      | Noticed a yak
  4844 | D:6      | Noticed a yak
  4912 | D:6      | Noticed a yak
  4930 | D:5      | Killed a yak
  5202 | D:6      | Reached XP level 9. HP: 41/55 MP: 0/0
  5202 | D:6      | Learned a level 4 spell: Sticky Flame
  5431 | D:6      | Found a staircase to the Ecumenical Temple.
  5437 | Temple   | Entered the Ecumenical Temple
  5448 | Temple   | Became a worshipper of Makhleb the Destroyer
  5762 | D:6      | Found a broken altar of Ashenzari.
  6150 | D:7      | Reached * piety under Makhleb
  6176 | D:8      | Reached skill level 1 in Armour
  6176 | D:8      | Reached skill level 1 in Shields
  6547 | D:7      | Noticed Pikel
  6586 | D:7      | Killed Pikel
  6587 | D:7      | Reached skill level 10 in Spellcasting
  6587 | D:7      | Reached skill level 10 in Conjurations
  6587 | D:7      | Reached skill level 10 in Hexes
  6587 | D:7      | Reached skill level 10 in Summonings
  6587 | D:7      | Reached skill level 10 in Necromancy
  6587 | D:7      | Reached skill level 10 in Translocations
  6587 | D:7      | Reached skill level 10 in Transmutations
  6587 | D:7      | Reached skill level 10 in Fire Magic
  6587 | D:7      | Reached skill level 10 in Ice Magic
  6587 | D:7      | Reached skill level 10 in Air Magic
  6587 | D:7      | Reached skill level 10 in Earth Magic
  6587 | D:7      | Reached skill level 10 in Poison Magic
  6587 | D:7      | Reached XP level 10. HP: 9/60 MP: 0/0
  7034 | D:8      | Noticed a two-headed ogre
  7201 | D:7      | Killed a two-headed ogre
  7589 | D:8      | Noticed Psyche
  7600 | D:8      | Killed Psyche
  7601 | D:8      | Reached skill level 5 in Dodging
  7760 | D:8      | Found a runed translucent gate.
  7760 | D:8      | Found a runed translucent gate.
  7760 | D:8      | Found a runed translucent gate.
  7760 | D:8      | Noticed a white ugly thing
  7761 | D:8      | Noticed a red ugly thing
  7762 | D:8      | Noticed a red ugly thing
  7763 | D:8      | Noticed a green ugly thing
  8459 | D:8      | Found a glowing golden altar of the Shining One.
  8689 | D:8      | Reached skill level 5 in Armour
  8777 | D:8      | Reached XP level 11. HP: 65/65 MP: 0/0
  8777 | D:8      | Learned a level 4 spell: Iskenderun's Mystic Blast
  9239 | D:9      | Found a flagged portal.
  9241 | D:9      | Reached ** piety under Makhleb
  9249 | Bailey   | Entered a bailey
  9429 | Bailey   | Gained mutation: You occasionally shout uncontrollably at
                  | your foes. [potion of mutation]
  9429 | Bailey   | Gained mutation: You are robust. (+10% HP) [potion of
                  | mutation]
  9429 | Bailey   | Gained mutation: Your body sometimes deteriorates upon
                  | taking damage. [potion of mutation]
  9429 | Bailey   | Gained mutation: Your mind is acute. (Int +4, Str/Dex -1)
                  | [potion of mutation]
  9714 | Bailey   | Identified the +6 short sword of Haagiolu {freeze, rElec}
  9714 | Bailey   | Noticed an orc knight
  9728 | Bailey   | Killed an orc knight
  9844 | Bailey   | Noticed an orc knight
  9846 | Bailey   | Noticed an orc knight
  9855 | Bailey   | Noticed an orc warlord
  9860 | Bailey   | Killed an orc knight
  9872 | Bailey   | Killed an orc knight
  9872 | Bailey   | Reached *** piety under Makhleb
  9902 | Bailey   | Mangled by an orc warlord

Illustrated notes

Levels and vault maps discovered:
D:1:      minmay_arrival_semitransparent, layout_basic, minmay_tall_x
D:2:      layout_rooms, basic_ecumenical_altar, uniq_sigmund
D:3:      layout_loops_ring, serial_shops, nicolae_shop_just_a_little_nook
D:4:      layout_gridville, grunt_temple_overflow_order_and_chaos_1,
          nicolae_ru_awakened_eye, gup_sewer_entry_bowl, uniq_menkaure
D:5:      layout_basic, grunt_temple_overflow_diamond,
          nicolae_hepliaklqana_hippocampus
D:6:      layout_rooms, lemuel_round_altar, minmay_temple_entry_enclosed_plants
D:7:      layout_gridville, chequers_serial_rivers_micro_d, uniq_pikel
D:8:      layout_loops_corners, tso_oasis_becter, tgw_kikubaaqudgha,
          ploomutoo_gammafunk_ghost_potion_laboratory,
          hangedman_minor_gate_pass, uniq_psyche
D:9:      layout_roguey, nicolae_overflow_squiral, serial_shops,
          nicolae_shop_behind_doors, enter_bailey_3, uniq_erica
Temple:   nicolae_temple_ecumenical_triangle
Bailey:   bailey_axe_minmay_hex_keep, bailey

Skill      XL: |  1  2  3  4  5  6  7  8  9 10 11 |
---------------+----------------------------------+-----
Spellcasting   | 5 6 8 10 | 10.8
Conjurations   | 5 6 8 10 | 10.8
Hexes          | 5 6 8 10 | 10.8
Summonings     | 5 6 8 10 | 10.8
Necromancy     | 5 6 8 10 | 10.8
Translocations | 5 6 8 10 | 10.8
Transmutations | 5 6 8 10 | 10.8
Fire Magic     | 5 6 8 10 | 10.8
Ice Magic      | 5 6 8 10 | 10.8
Air Magic      | 5 6 8 10 | 10.8
Earth Magic    | 5 6 8 10 | 10.8
Poison Magic   | 5 6 8 10 | 10.8
Armour         | 2 5 6 |  6.5
Shields        | 2 3 |  3.0
Dodging        | 3 6 7 |  7.6
Stealth        | |  1.5

Action                     |  1- 3 |  4- 6 |  7- 9 | 10-12 || total
---------------------------+-------+-------+-------+-------++-------
  Melee: Unarmed           |     2 |       |       |       ||     2
         Dagger            |     9 |       |    22 |     8 ||    39
         Flail             |       |     2 |       |       ||     2
         Halberd           |       |     1 |       |       ||     1
         Punch             |       |       |     1 |       ||     1
   Cast: Foxfire           |    40 |    65 |   287 |   226 ||   618
         Volatile Blastmot |     1 |     3 |       |    25 ||    29
         Scorch            |       |     4 |    31 |    41 ||    76
         Passwall          |       |       |     1 |     1 ||     2
         Flame Wave        |       |       |     1 |     6 ||     7
         Iskenderun's Myst |       |       |       |     3 ||     3
         Lesser Beckoning  |       |       |       |     1 ||     1
 Invoke: Lesser Servant of |       |       |       |     1 ||     1
    Use: Scroll            |       |     5 |     4 |     6 ||    15
         Potion            |       |       |       |     9 ||     9
 Armour: Robe              |    14 |    14 |     7 |       ||    35
         Ring mail         |       |       |    63 |    66 ||   129
  Dodge: Dodged            |    19 |     7 |    41 |    53 ||   120
  Block: Buckler           |       |       |     2 |    18 ||    20

Table legend: (Time is in decaauts)
 A = Elapsed time spent in this place.
 B = Non-inter-level travel time spent in this place.
 C = Inter-level travel time spent in this place.
 D = Time resting spent in this place.
 E = Time spent auto-exploring this place.
 F = Levels seen in this place.
 G = Mean time per level.
                   A        B        C        D        E       F      G
               +--------+--------+--------+--------+--------+-----+--------+
         Total |   9877 |   9405 |    472 |   1655 |   5978 |  12 |  823.1 |
       Dungeon |   8530 |   8067 |    463 |   1404 |   5338 |   9 |  947.8 |
        Temple |     18 |      9 |      9 |      0 |      0 |   1 |   18.0 |
         Sewer |    696 |    696 |      0 |      0 |    510 |   1 |  696.0 |
        Bailey |    632 |    632 |      0 |    251 |    130 |   1 |  632.0 |
               +--------+--------+--------+--------+--------+-----+--------+

Top non-repeatable levels by time:
     D:8: 1872 daAuts
     D:7: 1499 daAuts
     D:5: 1196 daAuts
     D:4: 919 daAuts
     D:3: 905 daAuts
     D:6: 730 daAuts
     D:2: 698 daAuts
   Sewer: 696 daAuts
     D:1: 678 daAuts
  Bailey: 632 daAuts
     D:9: 30 daAuts
  Temple: 18 daAuts
